 Dungeon Crawl Stone Soup version 0.29-a0-40-g8eb35efe60 (webtiles) character file.

Game seed: 13128883237945129198

6 crazypyro the Grave Robber (level 1, -1/13 HPs)
             Began as a Demonspawn Necromancer on Feb 1, 2022.
             Slain by a quokka (5 damage)
             ... on level 1 of the Dungeon.
             The game lasted 00:00:28 (335 turns).

crazypyro the Grave Robber (Demonspawn Necromancer)  Turns: 335, Time: 00:00:28

Health: -1/13      AC:  2    Str:  8    XL:     1   Next: 75%
Magic:  0/3        EV: 12    Int: 16    God:
Gold:   20         SH:  0    Dex: 13    Spells: 3/4 levels left

rFire   . . .      SeeInvis .   (no weapon)
rCold   . . .      Faith    .   (no shield)
rNeg    . . .      Spirit   .   a - +0 robe
rPois   .          Reflect  .   (no helmet)
rElec   .          Harm     .   (no cloak)
rCorr   .          Rampage  .   (no gloves)
Will    .....                   (no boots)
Stlth   ++........              (no amulet)
HPRegen 0.04/turn               (no ring)
MPRegen 0.08/turn               (no ring)

@: no status effects
A: no striking features
a: no special abilities


You were on level 1 of the Dungeon.
You visited 1 branch of the dungeon, and saw 1 of its levels.

You collected 20 gold pieces.

Inventory:

Armour
 a - a +0 robe (worn)
Scrolls
 b - a scroll of silence {unknown}
Potions
 c - a potion of berserk rage {unknown}


   Skills:
 + Level 1.9 Dodging
 + Level 1.9 Stealth
 + Level 2.1 Spellcasting
 + Level 4.5 Necromancy


You had 3 spell levels left.
You knew the following spells:

 Your Spells              Type           Power      Damage    Failure   Level
a - Pain                  Necr           64%        1d7       3%          1

Your spell library contained the following spells:

 Spells                   Type           Power      Damage    Failure   Level
 Animate Skeleton         Necr           32%        N/A       3%          1
 Vampiric Draining        Necr           16%        2d7       10%         3
 Animate Dead             Necr           8%         N/A       32%         4
 Agony                    Necr           16%        N/A       65%         5


Dungeon Overview and Level Annotations

Branches:
Dungeon (1/15)

Altars:


Message History

The slug dart hits you. The dart slug launches a dart at you.
The slug dart misses you.
The dart slug writhes in agony.
You kill the dart slug!
You open the door.
There is an open door here.
A hobgoblin comes into view.
You can't see any susceptible monsters within range! (Use Z to cast anyway.)
You can't see any susceptible monsters within range! (Use Z to cast anyway.)
The hobgoblin shouts!
The hobgoblin barely resists.
The hobgoblin writhes in agony.
The hobgoblin writhes in agony.
You kill the hobgoblin!
c - a black potion
Found a stone staircase leading down.
A quokka and 2 ball pythons come into view.
The ball python hisses angrily.
The ball python writhes in agony.
You kill the ball python!
The ball python hisses angrily.
The quokka barely resists.
The quokka barely resists.
You are too depleted to draw on your mana recklessly!
The quokka bites you. The quokka closely misses you.
The quokka barely misses you.
The quokka writhes in agony.
The quokka bites you but does no damage.
You hit the quokka.
The quokka is severely wounded.
The quokka closely misses you.
You closely miss the quokka.
The quokka is severely wounded.
The quokka bites you. The quokka closely misses you.
You closely miss the quokka.
The quokka is severely wounded.
The quokka bites you.
You die...

.#.#.######.#####
#..#
#...###.........#
#..# ...##
#.###.###.# #..#
##'####.###.# #.#
#..#
##........#.# #.#
#..#
...####.#.#.#
#.####..# ##.#
#.# #.......#
#.########.#
#######.#
#..........#
#.@rS...#
############
#########


You could see a quokka and a ball python.

Vanquished Creatures
  A dart slug (D:1)
  A ball python (D:1)
  A hobgoblin (D:1)
  A frilled lizard (D:1)
4 creatures vanquished.

Notes
Turn   | Place    | Note
-------+----------+-------------------------------------------
     0 | D:1      | crazypyro the Demonspawn Necromancer began the quest for
                  | the Orb.
     0 | D:1      | Reached XP level 1. HP: 13/13 MP: 3/3
   335 | D:1      | Slain by a quokka

Illustrated notes

Levels and vault maps discovered:
D:1:      roderic_octagonal_star, layout_basic,
          hellmonk_ecumenical_altar_crossroads

Action                   || total
-------------------------++-------
Melee: Unarmed           ||     3
 Cast: Pain              ||    12
Armor: Robe              ||     1
Dodge: Dodged            ||     5

Table legend: (Time is in decaauts)
 A = Elapsed time spent in this place.
 B = Non-inter-level travel time spent in this place.
 C = Inter-level travel time spent in this place.
 D = Time resting spent in this place.
 E = Time spent auto-exploring this place.
 F = Levels seen in this place.
 G = Mean time per level.
                   A        B        C        D        E       F      G
               +--------+--------+--------+--------+--------+-----+--------+
         Total |    335 |    335 |      0 |      0 |    287 |   1 |  335.0 |
       Dungeon |    335 |    335 |      0 |      0 |    287 |   1 |  335.0 |
               +--------+--------+--------+--------+--------+-----+--------+

Top non-repeatable levels by time:
     D:1: 335 daAuts
